[Event "Team 45 45 League T65"]
[Site "Internet Chess Club"]
[Date "2015.06.22"]
[Round "3"]
[White "pishd"]
[Black "kidcobra"]
[Result "1/2-1/2"]
[WhiteElo "1784"]
[BlackElo "1875"]
[Opening "King's Indian: East Indian defense"]
[ECO "A48"]
[Time "10:05:01"]
[TimeControl "2700+45"]

1. d4 Nf6 2. Nf3 g6 3. e3 Bg7 4. Be2 O-O 5. O-O d6 6. c4 b6 7. Nc3 Bb7 8. b4
Nbd7 9. a4 c5 10. bxc5 dxc5 11. Ra3 Ne4 12. Nxe4 Bxe4 13. Nd2 Bb7 14. d5 f5 15.
Qb3 Ne5 16. Bb2 Qd6 17. f4 Nd7 18. Bxg7 Kxg7 19. Nf3 h6 20. Qb2+ Nf6 21. Ne5 e6
22. dxe6 Qxe6 23. Rd1 Be4 24. Rd2 Rfd8 25. Ra1 Rxd2 26. Qxd2 Re8 27. Rd1 Re7 28.
Bf3 Bxf3 29. gxf3 Kh7 30. h4 Rg7 31. Qd6 Qxd6 32. Rxd6 Ng8 33. Nd7 g5 34. Nf8+
Kh8 35. Ng6+ Kh7 36. Nf8+ {Game drawn by mutual agreement} 1/2-1/2

[Event "Team 45 45 League T65"]
[Site "Internet Chess Club"]
[Date "2015.06.18"]
[Round "3"]
[White "MartyJR"]
[Black "ILRE"]
[Result "0-1"]
[WhiteElo "1447"]
[BlackElo "1730"]
[Opening "Queen's pawn game"]
[ECO "A46"]
[Time "20:30:36"]
[TimeControl "2700+45"]

1. d4 Nf6 2. Nf3 d6 3. Bf4 Nh5 4. Bg5 h6 5. Bh4 g5 6. Bg3 Bg7 7. e3 c5 8. c3
Nxg3 9. hxg3 Qb6 10. Qb3 Bf5 11. Nbd2 Nd7 12. Be2 cxd4 13. exd4 Qc7 14. O-O a6
15. Rfe1 O-O 16. Bc4 Nf6 17. Qd1 e6 18. Bb3 Rac8 19. Bc2 Bg4 20. Qb1 b5 21. Ne4
b4 22. Nxf6+ Bxf6 23. Nh2 h5 24. Nxg4 hxg4 25. Qd1 bxc3 26. bxc3 Qxc3 27. Rc1
Qxd4 28. Qe2 a5 29. Red1 Qb4 30. Qd3 Rxc2 31. Rxc2 d5 32. Rcc1 Kg7 33. Rb1 Qa4
34. Rd2 Rc8 35. Qe2 Rc4 36. Rb7 Rc1+ 37. Kh2 Qe8 38. Rc2 Qh8# {White checkmated}
0-1

[Event "Team 45 45 League T65"]
[Site "Internet Chess Club"]
[Date "2015.06.24"]
[Round "3"]
[White "anishio"]
[Black "KidRattler"]
[Result "0-1"]
[WhiteElo "1643"]
[BlackElo "1576"]
[Opening "Ruy Lopez: Schliemann defense"]
[ECO "C63"]
[Time "18:00:39"]
[TimeControl "2700+45"]

1. e4 e5 2. Nf3 Nc6 3. Bb5 f5 4. d3 d6 5. Nbd2 Nf6 6. Qe2 a6 7. Ba4 Be7 8. c3
O-O 9. Bb3+ Kh8 10. Nf1 h6 11. Bd2 Nh7 12. Ne3 Bg5 13. exf5 Bxe3 14. Bxe3 Bxf5
15. g3 Qf6 16. Nh4 Bh3 17. Qh5 Ne7 18. Bc2 g5 19. d4 gxh4 20. Qxh6 Qxh6 21. Bxh6
Rf6 22. Be3 Bf5 23. O-O-O Bxc2 24. Kxc2 Nf5 25. Kd3 exd4 26. cxd4 Nxe3 27. fxe3
hxg3 28. hxg3 Kg7 29. Rh4 Re8 30. Rdh1 Ng5 31. Rg4 Kg6 32. Rf4 Rxf4 33. gxf4 Ne6
34. Rf1 Rf8 35. Ke4 Kf6 36. f5 Ng5+ 37. Kd3 d5 38. b3 Rh8 39. a3 Rh5 40. Rf4 Ne4
41. Rf1 Rxf5 42. Rh1 Nf2+ {White resigns} 0-1

[Event "Team 45 45 League T65"]
[Site "Internet Chess Club"]
[Date "2015.06.20"]
[Round "3"]
[White "anna"]
[Black "ticopatzer"]
[Result "1/2-1/2"]
[WhiteElo "1777"]
[BlackElo "1706"]
[Opening "Four knights: Italian variation"]
[ECO "C47"]
[Time "14:01:12"]
[TimeControl "2700+45"]

1. e4 e5 2. Nf3 Nf6 3. Nc3 Nc6 4. Bc4 Bb4 5. d3 d6 6. h3 O-O 7. O-O Bd7 8. Bg5
h6 9. Bxf6 Qxf6 10. Nd5 Qd8 11. Nxb4 Nxb4 12. c3 Nc6 13. Bb3 a5 14. Bc2 Qf6 15.
Qd2 Bxh3 16. Qe3 Bg4 17. Nh2 Be6 18. f4 exf4 19. Rxf4 Qg5 20. Raf1 Bxa2 21. R1f3
Qb5 22. Qc1 Ne5 23. Rg3 Ng6 24. Rf5 Qb6+ 25. d4 Be6 26. Rff3 c5 27. d5 Bd7 28.
Nf1 Ne5 29. Qxh6 Bg4 30. Rxg4 Nxg4 31. Qh4 c4+ 32. Kh1 Qxb2 33. Rh3 Nh6 34. Rg3
Qc1 35. Kh2 g6 36. Qf6 Qxc2 37. Rxg6+ fxg6 38. Qxg6+ Kh8 39. Qxh6+ Kg8 40. Qg6+
Kh8 41. Qh6+ Kg8 42. Qg6+ Kh8 {Game drawn by mutual agreement} 1/2-1/2

[Event "Team 45 45 League T65"]
[Site "Internet Chess Club"]
[Date "2015.06.21"]
[Round "3"]
[White "rayonline53"]
[Black "sanjay2000"]
[Result "0-1"]
[WhiteElo "1563"]
[BlackElo "1552"]
[Opening "Ruy Lopez: open (Tarrasch) defense"]
[ECO "C80"]
[Time "17:30:31"]
[TimeControl "2700+45"]

1. e4 e5 2. Nf3 Nc6 3. Bb5 a6 4. Ba4 Nf6 5. O-O Nxe4 6. Re1 Nf6 7. d3 d6 8. Nc3
b5 9. Bb3 Na5 10. Nd5 Nxb3 11. Nxf6+ Qxf6 12. axb3 h6 13. Bd2 Be7 14. Bc3 Bb7
15. Nd2 h5 16. Ne4 Qg6 17. f3 f5 18. Nf2 h4 19. d4 h3 20. g3 Bh4 21. dxe5 Bxg3
22. exd6+ Kf8 23. hxg3 Qxg3+ 24. Kf1 Qg2+ 25. Ke2 Bxf3+ {White resigns} 0-1

[Event "Team 45 45 League T65"]
[Site "Internet Chess Club"]
[Date "2015.06.20"]
[Round "3"]
[White "Littlemon"]
[Black "losscause"]
[Result "1-0"]
[WhiteElo "1556"]
[BlackElo "1633"]
[Opening "King's Indian: 4.e4"]
[ECO "E70"]
[Time "19:00:37"]
[TimeControl "2700+45"]

1. d4 Nf6 2. c4 g6 3. Nc3 Bg7 4. e4 d6 5. Bd3 O-O 6. Nge2 e5 7. d5 Bd7 8. h3 c6
9. Be3 cxd5 10. cxd5 Na6 11. a3 Nc5 12. Bc2 a5 13. O-O Nh5 14. Rc1 Rc8 15. Bb1
Qb6 16. Qd2 Nb3 17. Bxb6 Nxd2 18. Rfe1 Nb3 19. Rcd1 Nf4 20. Nc1 Nxc1 21. Rxc1 a4
22. Na2 Rxc1 23. Nxc1 Rc8 24. Nd3 Nxd3 25. Bxd3 f5 26. f3 Bf6 27. Re2 Kf7 28.
Rc2 Rxc2 29. Bxc2 fxe4 30. fxe4 Bg5 31. Ba5 h5 32. Bb4 Ke7 33. Kf2 Bc1 34. Bc3
g5 35. Bd1 h4 36. Bg4 Bxg4 37. hxg4 Kd7 38. Ke2 Kc7 39. Kd3 Kb6 40. Kc4 Be3 41.
Kb4 Ka6 42. Kxa4 b5+ 43. Kb3 Bc5 44. Bd2 {Black resigns} 1-0

[Event "Team 45 45 League T65"]
[Site "Internet Chess Club"]
[Date "2015.06.17"]
[Round "3"]
[White "Bluebeamer"]
[Black "kutch"]
[Result "0-1"]
[WhiteElo "1472"]
[BlackElo "1572"]
[Opening "Giuoco Pianissimo"]
[ECO "C50"]
[Time "19:00:10"]
[TimeControl "2700+45"]

1. e4 e5 2. Nf3 Nc6 3. Bc4 Bc5 4. d3 h6 5. c3 d6 6. h3 Nf6 7. O-O O-O 8. a4 a5
9. Re1 Be6 10. Bb5 Na7 11. Nbd2 Nxb5 12. axb5 c6 13. bxc6 bxc6 14. Nb3 Bb6 15.
Be3 Qc7 16. Nbd2 Rfb8 17. d4 exd4 18. cxd4 Ba7 19. Qc2 Kf8 20. d5 Bd7 21. Bxa7
Rxa7 22. dxc6 Qxc6 23. Qxc6 Bxc6 24. Nd4 Bd7 25. Nc4 Rb4 26. b3 a4 27. f3 Rc7
28. Rec1 d5 29. exd5 Nxd5 30. Re1 axb3 31. Ra8+ Rc8 32. Rxc8+ Bxc8 33. Nd6 Be6
34. Nxe6+ fxe6 35. Rxe6 Rb8 36. Nc4 b2 37. Nxb2 Rxb2 38. Re5 Nc3 39. Kf1 Kf7 40.
Re3 Rb1+ 41. Re1 Rxe1+ 42. Kxe1 Kf6 43. Kd2 Nd5 44. g3 Ke5 45. h4 Kd4 46. h5 Nf6
47. g4 Nxg4 48. fxg4 Ke4 49. Ke2 Kf4 50. Kf2 Kxg4 51. Kg2 Kxh5 52. Kh3 Kg5 53.
Kg3 Kf5 54. Kh3 Ke5 55. Kg3 g6 56. Kh3 g5 57. Kg3 h5 58. Kf3 g4+ 59. Kg3 Ke4 60.
Kg2 h4 61. Kf2 Kf4 62. Kg2 Ke3 63. Kh2 Kf2 64. Kh1 Kg3 65. Kg1 Kf3 66. Kh2 g3+
67. Kg1 g2 68. Kh2 Kf2 69. Kh3 g1=Q 70. Kxh4 Kf3 71. Kh5 Kf4 72. Kh6 Kf5 73. Kh7
Kf6 74. Kh8 Kf7 75. Kh7 Qh1# {White checkmated} 0-1

[Event "Team 45 45 League T65"]
[Site "Internet Chess Club"]
[Date "2015.06.18"]
[Round "3"]
[White "PostMike"]
[Black "Elton2013"]
[Result "0-1"]
[WhiteElo "1491"]
[BlackElo "1683"]
[Opening "Hungarian defense"]
[ECO "C50"]
[Time "14:30:18"]
[TimeControl "2700+45"]

1. e4 e5 2. Nf3 Nc6 3. Bc4 Be7 4. d4 d6 5. dxe5 dxe5 6. Qxd8+ Bxd8 7. Nc3 Nf6 8.
Be3 O-O 9. O-O-O Be7 10. a3 Bg4 11. Be2 Bh5 12. h3 Rad8 13. g4 Bg6 14. Rxd8 Rxd8
15. Bd3 Nd4 16. Nxe5 Bc5 17. h4 h6 18. g5 hxg5 19. Nxg6 fxg6 20. Bxg5 Rf8 21. f4
Nh5 22. Bc4+ Kh8 23. Rf1 a6 24. b4 Ba7 25. Ne2 Nxe2+ 26. Bxe2 Be3+ 27. Kb2 Nxf4
28. Bxf4 Bxf4 29. Kc3 Be5+ 30. Kc4 Rd8 31. Rg1 Rd4+ 32. Kb3 Rxe4 33. Bd3 Rxh4
34. Rxg6 Rh1 35. c4 Rh2 36. Bc2 Rh3+ 37. Ka2 Rc3 38. Bb3 Rc1 {White resigns} 0-1

[Event "Team 45 45 League T65"]
[Site "Internet Chess Club"]
[Date "2015.06.19"]
[Round "3"]
[White "karthikkallam"]
[Black "medsurg"]
[Result "1-0"]
[WhiteElo "1414"]
[BlackElo "1394"]
[Opening "Petrov: French attack"]
[ECO "C42"]
[Time "17:00:29"]
[TimeControl "2700+45"]

1. e4 e5 2. Nf3 Nf6 3. Nxe5 d6 4. Nf3 Nxe4 5. d3 Nf6 6. Nc3 Bg4 7. Be2 Nc6 8.
O-O Be7 9. h3 Bd7 10. Ne4 Nxe4 11. dxe4 Ne5 12. Nxe5 dxe5 13. Qd5 O-O 14. Qxe5
Bf6 15. Qf4 Re8 16. Rd1 Qc8 17. Qf3 Bc6 18. Bd3 Qe6 19. Re1 Be5 20. c3 Rad8 21.
Bc2 Qg6 22. Bf4 Rd2 23. Bxd2 {Black resigns} 1-0

[Event "Team 45 45 League T65"]
[Site "Internet Chess Club"]
[Date "2015.06.18"]
[Round "3"]
[White "Aquaman"]
[Black "Legomaster"]
[Result "1-0"]
[WhiteElo "1357"]
[BlackElo "1281"]
[Opening "Dutch"]
[ECO "A80"]
[Time "16:00:39"]
[TimeControl "2700+45"]

1. d4 f5 2. Nc3 Nf6 3. Bg5 e6 4. Nf3 d5 5. e3 c6 6. Be2 Bd6 7. O-O O-O 8. Ne5
Nbd7 9. f4 Qe8 10. a3 Ne4 11. Nxe4 fxe4 12. Bh5 g6 13. Be2 Nxe5 14. fxe5 Bc7 15.
Bh6 Rf7 16. Qd2 Bd7 17. Rxf7 Qxf7 18. Rf1 Qe7 19. Qe1 c5 20. c3 c4 21. Rf6 b5
22. Qf2 a5 23. h4 Kh8 24. Rf7 Qe8 25. Qf6+ Kg8 26. Qg7# {Black checkmated} 1-0

[Event "Team 45 45 League T65"]
[Site "Internet Chess Club"]
[Date "2015.06.19"]
[Round "3"]
[White "XGG123"]
[Black "RUPIS"]
[Result "0-1"]
[WhiteElo "1258"]
[BlackElo "1613"]
[Opening "French: advance, Milner-Barry gambit"]
[ECO "C02"]
[Time "13:06:38"]
[TimeControl "2700+45"]

1. e4 e6 2. d4 d5 3. e5 c5 4. c3 Nc6 5. Nf3 Qb6 6. Bd3 cxd4 7. cxd4 Bd7 8. O-O
Nxd4 9. Nxd4 Qxd4 10. Nc3 a6 11. Qe2 Qa7 12. Kh1 Bc5 13. f3 Ne7 14. f4 Bc6 15.
f5 Nxf5 16. Bxf5 exf5 17. Rxf5 d4 18. Ne4 Bd5 19. e6 d3 20. exf7+ Kf8 21. Qxd3
Bxe4 22. Qxe4 Qb6 23. Bg5 Qb4 24. Rd1 Qxe4 25. Rfd5 Qxd5 26. Rxd5 Be7 27. Bxe7+
Kxe7 28. Rf5 Rac8 29. Rf1 Rhf8 {White resigns} 0-1

[Event "Team 45 45 League T65"]
[Site "Internet Chess Club"]
[Date "2015.06.22"]
[Round "3"]
[White "QuimCatala"]
[Black "Berke"]
[Result "1-0"]
[WhiteElo "1404"]
[BlackElo "1491"]
[Opening "French: advance variation"]
[ECO "C02"]
[Time "14:00:30"]
[TimeControl "2700+45"]

1. e4 e6 2. d4 d5 3. e5 c5 4. c3 Nc6 5. Be3 cxd4 6. cxd4 Bd7 7. Nf3 Nge7 8. Bd3
Qb6 9. Qd2 Nb4 10. b3 Rc8 11. Nc3 Nxd3+ 12. Qxd3 Nf5 13. Bd2 Bb4 14. a3 Bxc3 15.
Bxc3 Qxb3 16. Rc1 O-O 17. O-O Bb5 18. Rb1 Bxd3 19. Rxb3 Bxf1 20. Kxf1 b6 21. g4
Ne7 22. Bb4 Rfe8 23. h4 Ng6 24. h5 Nf4 25. Bd2 Nh3 26. Kg2 Nxf2 27. Kxf2 Rc2 28.
Kg3 Rec8 29. Rd3 g6 30. h6 R8c7 31. Ng5 Ra2 32. Nf3 Rcc2 33. Kf2 a5 34. Ke2 b5
35. Rb3 b4 36. axb4 axb4 37. Rxb4 Kf8 38. Rb8+ Ke7 39. Kd1 Rcb2 40. Bg5+ Kd7 41.
Rd8+ Kc7 42. Rf8 Rf2 43. Rxf7+ Kc6 44. Ke1 Rfb2 45. Nd2 Ra4 46. Be3 Rxd2 47.
Kxd2 Ra2+ {Black resigns} 1-0

[Event "Team 45 45 League T65"]
[Site "Internet Chess Club"]
[Date "2015.06.18"]
[Round "3"]
[White "Brazuka"]
[Black "backwardpawn903"]
[Result "0-1"]
[WhiteElo "1188"]
[BlackElo "1317"]
[Opening "Scandinavian (center counter) defense"]
[ECO "B01"]
[Time "20:00:21"]
[TimeControl "2700+45"]

1. e4 d5 2. exd5 Qxd5 3. Nc3 Qd8 4. Nf3 Nf6 5. Bc4 c6 6. d3 Bg4 7. Bf4 e6 8. O-O
Nbd7 9. Re1 Be7 10. h3 Bh5 11. a3 b5 12. Bb3 O-O 13. Ne4 Re8 14. Nd6 Bxd6 15.
Bxd6 Nb6 16. Be5 Nfd5 17. g4 f6 18. Bd4 Bf7 19. c4 Nf4 20. g5 Nxh3+ 21. Kg2 Nf4+
22. Kh1 e5 23. c5 Bd5 24. gxf6 exd4 25. Bxd5+ Qxd5 26. cxb6 Rxe1+ {White
resigns} 0-1

[Event "Team 45 45 League T65"]
[Site "Internet Chess Club"]
[Date "2015.06.22"]
[Round "3"]
[White "bardu"]
[Black "dabodhi"]
[Result "1-0"]
[WhiteElo "1227"]
[BlackElo "1315"]
[Opening "QGD: Tarrasch, Prague variation, 7...Be7"]
[ECO "D34"]
[Time "19:02:44"]
[TimeControl "2700+45"]

1. d4 d5 2. c4 e6 3. Nc3 c5 4. cxd5 exd5 5. Nf3 Nc6 6. g3 Nf6 7. Bg2 Be7 8. Bg5
h6 9. Bf4 Be6 10. e3 O-O 11. O-O Bg4 12. Qb3 Qd7 13. Ne5 Nxe5 14. Bxe5 c4 15.
Qb5 a6 16. Qxd7 Nxd7 17. Bxd5 Nxe5 18. dxe5 b5 19. Bxa8 Rxa8 20. b3 Rd8 21. f3
Be6 22. Rad1 Bh3 23. Rxd8+ Bxd8 24. Rd1 Bc7 25. bxc4 bxc4 26. f4 Bg4 27. Rd4 Bb6
28. Rxc4 Bxe3+ 29. Kf1 Bf5 30. Ke2 Bg1 31. h4 Bg4+ 32. Kd3 Bf2 33. Ne4 Be1 34.
Rc1 Bb4 35. Nd6 Ba5 36. Nc4 Bf5+ 37. Kd4 Bd8 38. Kc5 g5 39. hxg5 hxg5 40. Nd6
Be6 41. f5 Bxa2 42. Ra1 Bb3 43. Rxa6 Be7 44. f6 Bf8 45. Ra8 Be6 46. Re8 {Black
forfeits on time} 1-0

[Event "Team 45 45 League T65"]
[Site "Internet Chess Club"]
[Date "2015.06.21"]
[Round "3"]
[White "QuieroAprender"]
[Black "Hal2001"]
[Result "0-1"]
[WhiteElo "1643"]
[BlackElo "1646"]
[Opening "Robatsch (modern) defense"]
[ECO "B06"]
[Time "20:13:24"]
[TimeControl "2700+45"]

1. e4 g6 2. Bc4 Bg7 3. d4 c5 4. c3 a6 5. dxc5 Nc6 6. Be3 Nf6 7. f3 O-O 8. Ne2
Na5 9. Bd3 d6 10. b4 Nc6 11. cxd6 Qxd6 12. Bc5 Qc7 13. O-O b6 14. Be3 Rd8 15.
Qc2 Ne5 16. Rd1 Bb7 17. a4 Nxd3 18. Rxd3 Rxd3 19. Qxd3 Rd8 20. Qc2 Ne8 21. a5
bxa5 22. bxa5 Qc4 23. Ra4 Qd3 24. Qxd3 Rxd3 25. Kf2 Nd6 26. Nf4 Rd1 27. Rb4 h5
28. Ke2 Rh1 29. h3 Bc6 30. c4 Nxc4 31. Rxc4 Bb5 32. Na3 Bxc4+ 33. Nxc4 Ra1 34.
Kd3 Rb1 35. e5 Rb5 36. Bd4 e6 37. Bb6 Bxe5 38. Nxe5 Rxe5 39. Kd4 Rg5 40. g4 e5+
41. Ke4 exf4 42. Kxf4 Rb5 43. Kg3 Kg7 44. gxh5 Rxh5 45. h4 Kf6 46. Kg4 Rb5 47.
f4 Ke6 48. Bd8 Kd7 49. Bb6 Rh5 50. Kg3 Ke6 51. Kg4 Kd5 52. Kg3 Ke4 53. Kg4 Rf5
54. Bc7 f6 55. Kg3 Rc5 56. Bb6 Rh5 57. Kg4 Rd5 58. Bc7 Rd1 59. Kg3 f5 60. Kf2
Rh1 61. Kg3 Rg1+ 62. Kh2 Rg4 63. Kh3 Rxf4 64. Bxf4 Kxf4 {White resigns} 0-1

[Event "Team 45 45 League T65"]
[Site "Internet Chess Club"]
[Date "2015.06.21"]
[Round "3"]
[White "BrianWood"]
[Black "PaulRichard"]
[Result "1/2-1/2"]
[WhiteElo "1512"]
[BlackElo "1557"]
[Opening "Nimzo-Indian: classical variation"]
[ECO "E32"]
[Time "13:01:16"]
[TimeControl "2700+45"]

1. d4 e6 2. c4 Nf6 3. Nc3 Bb4 4. Qc2 d6 5. Nf3 Nbd7 6. a3 Bxc3+ 7. Qxc3 h6 8. e3
b6 9. Be2 Bb7 10. O-O O-O 11. Nd2 c5 12. f3 cxd4 13. exd4 d5 14. b4 dxc4 15.
Bxc4 Rc8 16. Qd3 Nd5 17. Ne4 N7f6 18. Nxf6+ Qxf6 19. Bxd5 Bxd5 20. Rd1 Bc4 21.
Qe3 Rfd8 22. Bb2 Qf5 23. Qe4 {Game drawn by mutual agreement} 1/2-1/2

[Event "Team 45 45 League T65"]
[Site "Internet Chess Club"]
[Date "2015.06.20"]
[Round "3"]
[White "isolani"]
[Black "Invicta-Knight"]
[Result "0-1"]
[WhiteElo "1541"]
[BlackElo "1664"]
[Opening "Scandinavian (center counter) defense"]
[ECO "B01"]
[Time "08:15:53"]
[TimeControl "2700+45"]

1. e4 d5 2. exd5 Qxd5 3. d4 g6 4. h3 Nh6 5. Nc3 Qd6 6. Be2 Nf5 7. Nf3 Bg7 8. Nb5
Qb6 9. Bf4 Na6 10. O-O c6 11. Nc3 Nxd4 12. Re1 Bf5 13. Nxd4 Bxd4 14. Bg3 O-O-O
15. Bd3 h5 16. Qf3 Bxd3 17. cxd3 h4 18. Be5 Bxe5 19. Rxe5 Qxb2 20. Rb1 Qxc3 21.
Rxe7 Nc5 22. Qxf7 Rd7 23. Rxd7 Nxd7 24. Qxg6 Qf6 25. Qg4 Rf8 26. Qe2 Ne5 27. d4
Qg6 28. Rb3 Rg8 29. f3 Nc4 30. f4 Nd6 31. d5 cxd5 32. g4 hxg3 33. Qe5 Qg7 34.
Qxd5 Qa1+ {White resigns} 0-1

[Event "Team 45 45 League T65"]
[Site "Internet Chess Club"]
[Date "2015.06.21"]
[Round "3"]
[White "kingphisch"]
[Black "ElMarginal"]
[Result "0-1"]
[WhiteElo "1468"]
[BlackElo "1647"]
[Opening "KP: Nimzovich defense, Bogolyubov variation"]
[ECO "B00"]
[Time "17:02:03"]
[TimeControl "2700+45"]

1. e4 Nc6 2. d4 d5 3. Nc3 Nf6 4. Bg5 Nxe4 5. Nxe4 dxe4 6. d5 Nb4 7. c4 Qd6 8. a3
Qg6 9. axb4 Qxg5 10. Qe2 e6 11. Qd2 Qxd2+ 12. Kxd2 Bxb4+ 13. Ke3 exd5 14. cxd5
O-O 15. Rc1 Bd6 16. Ne2 f5 17. f4 exf3 18. Kxf3 f4 19. Nd4 a6 20. Bd3 h5 21. Ne6
Bxe6 22. dxe6 Rae8 23. Rhe1 Rf6 24. Bc4 g5 25. h3 Kf8 26. Rcd1 Ke7 27. Re2 Rg8
28. Rd3 g4+ 29. hxg4 hxg4+ 30. Kf2 f3 31. gxf3 gxf3 32. Rxf3 Bc5+ {White
resigns} 0-1

[Event "Team 45 45 League T65"]
[Site "Internet Chess Club"]
[Date "2015.06.17"]
[Round "3"]
[White "rgadoury"]
[Black "BrerRabbit"]
[Result "0-1"]
[WhiteElo "1446"]
[BlackElo "1467"]
[Opening "Pirc: Ufimtsev-Pytel variation"]
[ECO "B07"]
[Time "19:00:44"]
[TimeControl "2700+45"]

1. d4 d6 2. e4 Nf6 3. Nc3 c6 4. Be2 Nbd7 5. Nf3 e5 6. d5 cxd5 7. exd5 Qa5 8. O-O
Nb6 9. Bb5+ Bd7 10. Bxd7+ Kxd7 11. Qd3 Nbxd5 12. Qf5+ Kc7 13. Nxd5+ Qxd5 14. Qd3
Qxd3 15. cxd3 h6 16. h3 Be7 17. Bd2 Rac8 18. Rac1+ Kd7 19. Rxc8 Rxc8 20. Rc1
Rxc1+ 21. Bxc1 Nd5 22. Bd2 Ke6 23. g4 Nc7 24. Ne1 Bg5 25. Be3 Bxe3 26. fxe3 Nd5
27. e4 Nf4 28. Kh2 d5 29. exd5+ Kxd5 30. Kg3 f6 31. b3 Kc5 32. a3 Kd4 33. h4
Nxd3 34. Nxd3 Kxd3 35. Kf3 g6 {White resigns} 0-1

[Event "Team 45 45 League T65"]
[Site "Internet Chess Club"]
[Date "2015.06.20"]
[Round "3"]
[White "gwillis"]
[Black "oldbookseller"]
[Result "1-0"]
[WhiteElo "1368"]
[BlackElo "1216"]
[Opening "King's gambit"]
[ECO "C30"]
[Time "15:13:38"]
[TimeControl "2700+45"]

1. e4 e5 2. f4 Bd6 3. Nf3 Nc6 4. Bb5 Nf6 5. Bxc6 dxc6 6. fxe5 Bc5 7. exf6 Qxf6
8. d4 Bb4+ 9. c3 Bd6 10. e5 Qe6 11. Ng5 Qd5 12. exd6 Qxg2 13. Qe2+ Be6 14. Qxg2
cxd6 15. O-O O-O 16. Nxe6 fxe6 17. Rxf8+ Rxf8 18. Nd2 {Black resigns} 1-0

[Event "Team 45 45 League T65"]
[Site "Internet Chess Club"]
[Date "2015.06.20"]
[Round "3"]
[White "Husky99"]
[Black "dabodhi"]
[Result "1-0"]
[WhiteElo "1300"]
[BlackElo "1356"]
[Opening "French: Steinitz variation"]
[ECO "C11"]
[Time "19:00:34"]
[TimeControl "2700+45"]

1. e4 e6 2. d4 d5 3. Nc3 Nf6 4. e5 Nfd7 5. Nf3 c5 6. Bb5 a6 7. Be2 cxd4 8. Qxd4
Nc6 9. Qf4 h6 10. O-O Qc7 11. Re1 Ncxe5 12. Nxe5 Nxe5 13. Bb5+ axb5 14. Rxe5 Bd7
15. Rxe6+ Kd8 16. Qxc7+ Kxc7 17. Nxd5+ Kd8 18. Re3 Bc5 19. Rd3 Ra6 20. Be3 Bxe3
21. Nxe3 Kc8 22. Rad1 Rd8 23. Nf5 Rxa2 24. Nd6+ Kc7 25. Nxb5+ Kb6 26. Nc3 Ra5
27. Rxd7 Rxd7 28. Rxd7 Ra1+ 29. Rd1 Ra5 30. g3 Kc6 31. b4 Re5 32. b5+ Kc5 33. f4
Rf5 34. Kg2 Kc4 35. Rd3 g5 36. Ne4 Kb4 37. Rb3+ Ka4 38. Nc3+ Ka5 39. fxg5 hxg5
40. b6 Re5 41. Kf3 f5 42. g4 f4 43. Ne2 Rb5 44. Rxb5+ Kxb5 45. h4 gxh4 46. Nxf4
Kxb6 47. g5 Kc7 48. g6 h3 49. Nxh3 Kd7 50. g7 {Black resigns} 1-0

[Event "Team 45 45 League T65"]
[Site "Internet Chess Club"]
[Date "2015.06.20"]
[Round "3"]
[White "srikrish"]
[Black "Just-Jim"]
[Result "0-1"]
[WhiteElo "1103"]
[BlackElo "1343"]
[Opening "Philidor's defense"]
[ECO "C41"]
[Time "11:00:42"]
[TimeControl "2700+45"]

1. e4 e5 2. Nf3 d6 3. h3 f5 4. Nc3 Nf6 5. Bc4 Nxe4 6. Nxe4 fxe4 7. Nh2 Bf5 8. d3
exd3 9. cxd3 c6 10. Qf3 g6 11. g4 d5 12. Bb3 Bd7 13. O-O Qe7 14. Re1 Bg7 15. Bf4
Na6 16. d4 O-O-O 17. Bxe5 Bxe5 18. Rxe5 Qb4 19. Qd3 Qa5 20. Qc2 Qb6 21. a3 Qxd4
22. Rxd5 Qb6 23. Rb5 Qxb5 24. a4 Qc5 25. Qd3 Rhf8 26. Qf1 Qb6 27. Ra3 Qd4 28.
Bd1 Qxb2 29. Rb3 Qf6 30. Be2 Nc5 31. Rb1 Be6 32. a5 Ne4 33. Nf3 Nc3 34. Rb3 Bxb3
35. g5 Nxe2+ 36. Qxe2 Qxf3 37. Qxf3 Rxf3 38. Kg2 Rdf8 39. Kg1 Rxf2 40. Kh1 Bd5+
41. Kg1 Rg2+ 42. Kh1 Rff2 43. h4 Rf1# {White checkmated} 0-1

[Event "Team 45 45 League T65"]
[Site "Internet Chess Club"]
[Date "2015.06.21"]
[Round "3"]
[White "bhandelman"]
[Black "rhayder"]
[Result "0-1"]
[WhiteElo "1133"]
[BlackElo "1360"]
[Opening "Two knights defense"]
[ECO "C55"]
[Time "23:04:36"]
[TimeControl "2700+45"]

1. e4 e5 2. Nf3 Nc6 3. Bc4 Nf6 4. O-O Nxe4 5. d4 d5 6. Bb3 Nxd4 7. Nxd4 exd4 8.
Re1 Bb4 9. f3 Bxe1 10. Qxe1 O-O 11. fxe4 dxe4 12. Qxe4 Re8 13. Bg5 Rxe4 14. Bxd8
Be6 15. Nd2 Re2 16. Bg5 Re8 17. Rf1 Bxb3 18. axb3 Re1 19. Nf3 Rxf1+ 20. Kxf1 f6
21. Bd2 Rd8 22. Ke2 c5 23. Kd3 Rd6 24. Bf4 Ra6 25. Kc4 b6 26. Bd6 Ra2 27. c3
Rxb2 28. cxd4 cxd4 29. Nxd4 Rxg2 30. Bb8 Ra2 31. Nc6 f5 32. Nxa7 f4 33. Nb5 f3
34. Bg3 f2 35. Bxf2 Rxf2 36. h3 Rh2 37. Nd4 Rxh3 38. b4 Rh4 39. Kd5 Rh5+ 40. Kc6
Rh6+ 41. Kd5 Rf6 42. Ke5 h5 43. Nf5 Rxf5+ 44. Kxf5 g6+ 45. Kg5 Kf7 46. b5 Ke6
47. Kh6 Kd5 48. Kxg6 h4 49. Kf6 h3 50. Ke7 h2 51. Kd7 h1=Q 52. Kc7 Kc5 53. Kb8
Kxb5 54. Ka7 Qa1+ 55. Kb7 Kc5 56. Kc7 b5 57. Kb7 b4 58. Kc7 Qa6 59. Kd7 Kd5
{White resigns} 0-1

[Event "Team 45 45 League T65"]
[Site "Internet Chess Club"]
[Date "2015.06.19"]
[Round "3"]
[White "Electryon"]
[Black "GideonL"]
[Result "1-0"]
[WhiteElo "1439"]
[BlackElo "1525"]
[Opening "Queen's bishop game"]
[ECO "D02"]
[Time "19:48:28"]
[TimeControl "2700+45"]

1. d4 d5 2. Nf3 Nf6 3. Bf4 Bf5 4. e3 Nc6 5. Bb5 Bd7 6. Ne5 e6 7. Nd2 Bd6 8. Ndf3
Nxe5 9. Bxd7+ Nexd7 10. Bg5 O-O 11. Qe2 Be7 12. h4 h6 13. Bxf6 Nxf6 14. Ne5 c5
15. g4 cxd4 16. g5 Ne4 17. exd4 Qa5+ 18. Kf1 Qd2 19. gxh6 Qxe2+ 20. Kxe2 gxh6
21. Rag1+ Kh7 22. f3 Nd6 23. h5 Nf5 24. c3 Bh4 25. Rh3 Bg5 26. Ng4 f6 27. Kd3 e5
28. dxe5 fxe5 29. Nxe5 Rfe8 30. Nf7 Re3+ 31. Kc2 Bf4 32. Rg6 Rg8 33. Rf6 Nd4+
34. cxd4 Rg2+ 35. Kd1 Bg3 36. Rxh6+ Kg7 37. Rg6+ Kxf7 38. Rhxg3 Rxb2 39. Rg7+
Kf6 40. R3g6+ Kf5 41. Rf7# {Black checkmated} 1-0

[Event "Team 45 45 League T65"]
[Site "Internet Chess Club"]
[Date "2015.06.19"]
[Round "3"]
[White "guyd52"]
[Black "Aquaman"]
[Result "1-0"]
[WhiteElo "1338"]
[BlackElo "1339"]
[Opening "Réti opening"]
[ECO "A04"]
[Time "20:01:42"]
[TimeControl "2700+45"]

1. Nf3 d6 2. g3 c6 3. Bg2 e5 4. d3 Nf6 5. Nbd2 Nbd7 6. O-O Be7 7. e4 O-O 8. b3
Qc7 9. a4 a5 10. Nc4 d5 11. Ne3 d4 12. Nf5 Bd8 13. Bd2 Re8 14. Qc1 Nf8 15. N3h4
Ng6 16. Nxg6 fxg6 17. Nh4 Be7 18. f4 Bd6 19. f5 gxf5 20. Nxf5 Bxf5 21. Rxf5 Rf8
22. Bh3 Rae8 23. Bg5 Be7 24. Qd2 Qd6 25. Qxa5 Bd8 26. Qd2 g6 27. Rf3 Bc7 28.
Raf1 Bd8 29. c3 c5 30. b4 cxb4 31. cxb4 Be7 32. Bh6 Rf7 33. Qa2 Bd8 34. a5 Qc6
35. Rc1 Qd6 36. b5 Be7 37. Be6 Rb8 38. Bxf7+ Kh8 39. a6 bxa6 40. bxa6 Ra8 41. a7
Qb6 42. Bd5 Nxd5 43. Qxd5 Qxa7 44. Qxe5+ Bf6 45. Qxf6+ Kg8 46. Qe6+ Kh8 47. Rf8+
Rxf8 48. Bxf8 Qb7 49. Rf1 Qb8 50. Bh6 {Black resigns} 1-0